 Dungeon Crawl Stone Soup version 0.19-a0-1608-g4cf22de (webtiles) character file.

64 Goblin1989 the Shooter (level 3, 0/28 HPs)
             Began as a Demonspawn Wanderer on Sept 17, 2016.
             Succumbed to an adder's poison
             ... on level 2 of the Dungeon.
             The game lasted 00:05:54 (1520 turns).

Goblin1989 the Shooter (Demonspawn Wanderer)        Turns: 1520, Time: 00:05:54

Health: 0/28       AC:  2    Str: 13    XL:     3   Next: 91%
Magic:  4/6        EV: 11    Int: 12    God:
Gold:   112        SH:  0    Dex: 13    Spells: 0 memorised, 6 levels left

rFire  . . .     SeeInvis .     a - +2 shortbow
rCold  . . .     Gourm    .     e - +0 robe
rNeg   . . .     Faith    .     (shield currently unavailable)
rPois  .         Spirit   +     (no helmet)
rElec  .         Dismiss  .     (no cloak)
rCorr  .         Reflect  .     (no gloves)
MR     .....     Harm     .     (no boots)
Stlth  +.........               (no amulet)
                                (no ring)
                                (no ring)

@: lethally poisoned (0 -> -12)
A: magic shield
a: no special abilities


You were on level 2 of the Dungeon.
You were hungry.

You visited 1 branch of the dungeon, and saw 2 of its levels.

You collected 112 gold pieces.

Inventory:

Hand Weapons
 a - a +2 shortbow (weapon)
Missiles
 b - 3 arrows (quivered)
Armour
 e - a +0 robe (worn)
Jewellery
 m - an uncursed ring of wizardry {unknown}
Scrolls
 h - a scroll of teleportation {unknown}
 i - 2 scrolls of remove curse {unknown}
 l - a scroll of enchant armour {unknown}
Comestibles
 d - 3 meat rations
 f - 2 bread rations
 k - a beef jerky


   Skills:
 + Level 2.3 Fighting
 - Level 4.2 Bows
 - Level 1.0 Throwing
   Level 1.0 Shields
 - Level 2.0 Spellcasting
   Level 1.0 Transmutations


You had 6 spell levels left.
You didn't know any spells.

Dungeon Overview and Level Annotations

Branches:
Dungeon (2/15)

Altars:
Trog


Innate Abilities, Weirdness & Mutations

When hurt, damage is shared between your health and your magic reserves.


Message History

You take 3 damage, and have 5/27 hp.
You now have 3/6 mp.
Firing (i - inventory):
b - 4 arrows (quivered)
Press: ? - help, Shift-Dir - straight line, f/p - adder
Aim: an adder (almost dead)
You shoot an arrow. The arrow hits the adder!
You kill the adder!
* * * LOW HITPOINT WARNING * * *
You feel sick.
You take 1 damage, and have 4/28 hp.
* * * LOW HITPOINT WARNING * * *
You feel sick.
You see here 4 arrows.
You take 1 damage, and have 3/28 hp.
* * * LOW HITPOINT WARNING * * *
You feel sick.
You take 1 damage, and have 2/28 hp.
* * * LOW HITPOINT WARNING * * *
You feel sick.
You take 1 damage, and have 1/28 hp.
You die...

####.......##.......#..
#.##..
......####.##.......#.#
#.####
####........#.........
#.####
#.##.##..#.......#
#.....
#.##..........#..#
######
#.....#.##..>....#
#.###...##......## #.#
##..##......# #.
...#####@### ##.##
#(....# .. #.....# ..
#.....# #.....# #.....#
#######


There were no monsters in sight!

Vanquished Creatures
  2 adders (D:2)
  2 worms (D:2)
  A dart slug (D:1)
  2 leopard geckos (D:1)
  2 giant cockroaches
  6 goblins
  3 hobgoblins
  7 jackals (D:1)
  4 kobolds
  2 bats (D:1)
  A frilled lizard (D:1)
  2 rats
34 creatures vanquished.

Vanquished Creatures (others)
  4 toadstools (D:1)
4 creatures vanquished.

Grand Total: 38 creatures vanquished

Notes
Turn   | Place    | Note
-------+----------+-------------------------------------------
     0 | D:1      | Goblin1989 the Demonspawn Wanderer began the quest for the Orb.
     0 | D:1      | Goblin1989 set off with: a +2 shortbow, 24 arrows, the Grimoire of the Blaze, a potion of lignification, a +0 robe, a bread ration
     0 | D:1      | Reached XP level 1. HP: 16/16 MP: 3/3
     0 | D:1      | Identified the Grimoire of the Blaze
    31 | D:1      | Reached skill level 3 in Bows
   157 | D:1      | Gained mutation: When hurt, damage is shared between your health and your magic reserves. [demonic ancestry]
   157 | D:1      | Reached XP level 2. HP: 22/22 MP: 5/5
   516 | D:1      | Reached XP level 3. HP: 9/27 MP: 1/6
  1056 | D:2      | Reached skill level 4 in Bows
  1313 | D:2      | Found a bloodstained altar of Trog.
  1519 | D:2      | HP: 1/28 [poisoned by an adder]
  1520 | D:2      | Succumbed to an adder's poison

Vault maps used:
D:1:      ldierk_walled_garden_2
D:2:      ashenzari_conservatory_becter, trog_three_pillars_becter

Skill      XL: |  1  2  3 |
---------------+----------+-----
Bows           | 3 4 |  4.2
Fighting       | |  2.3
Throwing       | |  1.0
Shields        | |  1.0
Spellcasting   | |  2.0
Transmutations | |  1.0

Action                   || total
-------------------------++-------
Melee: Unarmed           ||    39
 Fire: Shortbow          ||    95
  Use: Potion            ||     5
  Eat: Chunk             ||     1
Armor: Skin              ||    20
       Robe              ||     9
Dodge: Dodged            ||    51
